[Event "Titled Tuesday Blitz May 23 Late 2023"]
[White "Torres Dominguez, David"]
[Black "Lalanne, Pablo"]
[WhiteFideId "2220857"]
[BlackFideId "112151"]
[WhiteElo "1999"]
[BlackElo "2120"]
[Result "0-1"]
[Round "11"]
[TimeControl "180+2"]
[Date "2023.05.23"]
[WhiteClock "0:00:00"]
[BlackClock "0:00:04"]

1. e4 c5 2. Nc3 Nc6 3. Bb5 Nd4 4. Bc4 e6 5. Nge2 Ne7 6. O-O d5 7. exd5 exd5 8. Nxd5 Nxd5 9. Nxd4 cxd4 10. Qh5 Be6 11. Re1 Be7 12. Rxe6 O-O 13. Bxd5 fxe6 14. Bxe6+ Kh8 15. Bf5 h6 16. Qg6 Kg8 17. Be6+ Kh8 18. Bf5 Kg8 19. d3 Rf6 20. Qg4 Qc7 21. Bf4 Qxc2 22. Re1 Raf8 23. Be5 R6f7 24. Bxd4 Bf6 25. Be6 Qd2 26. Rd1 Qg5 27. Qxg5 hxg5 28. Bxf6 gxf6 29. Rc1 Kg7 30. Bxf7 Rxf7 31. f3 Rd7 32. Rc3 Kf7 33. Kf2 Ke6 34. Ke3 Kd5 35. d4 f5 36. h3 Re7+ 37. Kd3 b6 38. Rc2 f4 39. a3 Re3+ 40. Kd2 Kxd4 41. Rc8 Rd3+ 42. Ke2 Re3+ 43. Kd2 Rb3 44. Rd8+ Kc4 45. Kc2 Re3 46. Rc8+ Kd5 47. Kd2 b5 48. Rd8+ Kc5 49. Rg8 Re5 50. Rf8 Rd5+ 51. Kc2 a5 52. h4 gxh4 53. Rxf4 Rg5 54. Rg4 Rh5 55. f4 h3 56. gxh3 Rxh3 57. Rg5+ Kc4 58. Rg2 Rf3 0-1


[Site "https://www.chess.com"]

[Event "Titled Tuesday Blitz May 23 Late 2023"]
[White "Hartikainen, Jarmo"]
[Black "lluiss"]
[WhiteFideId "503134"]
[WhiteElo "2101"]
[BlackElo "2255"]
[Result "1/2-1/2"]
[Round "11"]
[TimeControl "180+2"]
[Date "2023.05.23"]
[WhiteClock "0:00:11"]
[BlackClock "0:00:04"]

1. e4 c5 2. c3 d5 3. exd5 Qxd5 4. d4 Nf6 5. Nf3 Bg4 6. Be2 e6 7. Na3 Nc6 8. Be3 cxd4 9. Nb5 Rc8 10. Nbxd4 Nxd4 11. Qxd4 Bc5 12. Qxd5 Nxd5 13. Bxc5 Rxc5 14. Nd4 Bxe2 15. Nxe2 Ke7 16. O-O Nb6 17. Rfd1 Rhc8 18. b3 Re5 19. Kf1 Nd5 20. c4 Nb4 21. a3 Nc6 22. Rac1 a5 23. Nd4 Nxd4 24. Rxd4 b5 25. Rcd1 bxc4 26. bxc4 Rc7 27. Rb1 Rec5 28. Rb5 Rxc4 29. Rxc4 Rxc4 30. Rxa5 Rc1+ 31. Ke2 Rh1 32. h3 Rg1 33. Kf3 Ra1 34. a4 Kf6 35. Ra7 g5 36. g3 h5 37. a5 Ra3+ 38. Kg2 g4 39. hxg4 hxg4 40. a6 Ra4 41. Kh2 Ra2 42. Kg2 Ra3 43. Kh2 Ra2 44. Kg2 Ra1 45. Kh2 Kg7 46. Kg2 Kg6 47. Kh2 Kf6 48. Ra8 Ra2 49. a7 Kg7 50. Kg2 Ra3 51. Kg1 Kh7 52. Kg2 Kg7 53. Kg1 Ra1+ 54. Kg2 Ra2 55. Kg1 Ra1+ 56. Kg2 Kh7 57. Kh2 Kg7 58. Kg2 1/2-1/2


[Site "https://www.chess.com"]

[Event "Titled Tuesday Blitz May 23 Late 2023"]
[White "Alimpic, Aleksa"]
[Black "Thiel, Thomas"]
[WhiteFideId "974323"]
[BlackFideId "4615964"]
[WhiteElo "2298"]
[BlackElo "2222"]
[Result "1-0"]
[Round "11"]
[TimeControl "180+2"]
[Date "2023.05.23"]
[WhiteClock "0:00:15"]
[BlackClock "0:00:02"]

1. Nf3 Nf6 2. g3 g6 3. b3 Bg7 4. Bb2 O-O 5. Bg2 d6 6. d4 Nbd7 7. O-O c6 8. c4 e5 9. dxe5 dxe5 10. Nxe5 Ng4 11. Nd3 Nde5 12. Nxe5 Nxe5 13. Qxd8 Rxd8 14. Nc3 Rd2 15. Rab1 Bf5 16. e4 Be6 17. Ba1 Rad8 18. Rbd1 Bg4 19. Rxd2 Rxd2 20. f3 Be6 21. Rf2 Rd8 22. Kf1 Nd3 23. Rd2 b5 24. cxb5 cxb5 25. Ke2 Nc1+ 26. Kd1 Nd3 27. Bf1 b4 28. Rxd3 Re8 29. Kc2 bxc3 30. Bxc3 Rc8 31. Kb2 1-0


[Site "https://www.chess.com"]

[Event "Titled Tuesday Blitz May 23 Late 2023"]
[White "Roman, Rodrigo"]
[Black "Kovacevic, Radmila"]
[WhiteFideId "3701220"]
[BlackFideId "933171"]
[WhiteElo "1995"]
[BlackElo "2194"]
[Result "1-0"]
[Round "11"]
[TimeControl "180+2"]
[Date "2023.05.23"]
[WhiteClock "0:00:57"]
[BlackClock "0:00:00"]

1. e4 e5 2. f4 exf4 3. Bc4 Qh4+ 4. Kf1 d5 5. Bxd5 c6 6. Bb3 Bd6 7. Nf3 Qh6 8. d4 g5 9. e5 Bc7 10. h4 g4 11. Ng5 f6 12. Nf7 Qh5 13. Nxh8 fxe5 14. Bf7+ Qxf7 15. Nxf7 Kxf7 16. dxe5 Bxe5 17. Qd8 Be6 18. Nd2 h6 19. Kf2 g3+ 20. Ke2 Bf6 21. Qc7+ Nd7 22. Qxf4 Re8 23. Kd1 Ne5 24. Ne4 Ng4 25. Qf3 Nf2+ 26. Nxf2 gxf2 27. Rf1 Bd5 28. Qxf2 Rd8 29. Bd2 Kg7 30. Kc1 Bc4 31. Rd1 Bd5 32. Bc3 Re8 33. Bxf6+ Nxf6 34. Qd4 Kg6 35. c4 Bxg2 36. Rg1 1-0


[Site "https://www.chess.com"]

[Event "Titled Tuesday Blitz May 23 Late 2023"]
[White "Pace, Christopher"]
[Black "Osiecki, Stanislaw"]
[WhiteFideId "2610167"]
[BlackFideId "1102990"]
[WhiteElo "2282"]
[BlackElo "2088"]
[Result "1-0"]
[Round "11"]
[TimeControl "180+2"]
[Date "2023.05.23"]
[WhiteClock "0:01:06"]
[BlackClock "0:00:53"]

1. e4 e6 2. d4 d5 3. Nd2 c5 4. Ngf3 cxd4 5. exd5 exd5 6. Nxd4 Nc6 7. N2f3 Bd6 8. Bd3 Qe7+ 9. Be3 Nxd4 10. Nxd4 Nf6 11. Bb5+ Bd7 12. Nf5 Qf8 13. Bxd7+ Nxd7 14. Qxd5 Be7 15. O-O-O Rd8 16. Rhe1 Nf6 17. Qxd8+ Bxd8 18. Bc5+ 1-0


[Site "https://www.chess.com"]

[Event "Titled Tuesday Blitz May 23 Late 2023"]
[White "dorpato"]
[Black "Wang, Alexander J"]
[BlackFideId "30955270"]
[WhiteElo "2060"]
[BlackElo "2270"]
[Result "0-1"]
[Round "11"]
[TimeControl "180+2"]
[Date "2023.05.23"]
[WhiteClock "0:01:03"]
[BlackClock "0:01:08"]

1. e4 c5 2. Nc3 d6 3. g3 Nc6 4. Bg2 Nf6 5. d3 g6 6. h3 Bg7 7. Be3 O-O 8. Qd2 e6 9. Bh6 Rb8 10. h4 b5 11. Bxg7 Kxg7 12. f4 h5 13. Nf3 b4 14. Ne2 Bb7 15. O-O d5 16. Qe3 Qb6 17. f5 Ne7 18. fxe6 fxe6 19. Ng5 d4 20. Qd2 e5 21. Bh3 Bc8 22. Bxc8 Rbxc8 23. Kg2 Ng4 24. Ng1 Ne3+ 25. Kh2 Rxf1 26. N1f3 Rxa1 27. Nxe5 Nf1+ 0-1


[Site "https://www.chess.com"]

[Event "Titled Tuesday Blitz May 23 Late 2023"]
[White "Castillo Pena, Patricia Evarista"]
[Black "Simonovic, Miroslav"]
[WhiteFideId "6412106"]
[BlackFideId "919152"]
[WhiteElo "1919"]
[BlackElo "2042"]
[Result "0-1"]
[Round "11"]
[TimeControl "180+2"]
[Date "2023.05.23"]
[WhiteClock "0:01:09"]
[BlackClock "0:00:20"]

1. d4 Nf6 2. Nf3 c5 3. e3 b6 4. Bd3 Bb7 5. Nbd2 g6 6. O-O Bg7 7. c3 O-O 8. e4 d6 9. Qe2 Nbd7 10. Rd1 Qc7 11. Nf1 e5 12. dxe5 dxe5 13. Bc2 Rad8 14. Ng3 h6 15. Be3 Kh7 16. b3 Nb8 17. Rxd8 Rxd8 18. Rd1 Ba6 19. Qe1 Ng4 20. Bc1 c4 21. b4 Bb7 22. h3 Nf6 23. Rxd8 Qxd8 24. Nxe5 Qe7 25. Nxc4 Qc7 26. Bd3 Nfd7 27. Bd2 Nc6 28. f3 Nce5 29. Bf1 Nxc4 30. Bxc4 Qxc4 31. Ne2 Ba6 32. Nc1 Ne5 33. Nb3 Nd3 34. Qe2 Bxc3 35. Be3 Nxb4 36. Qd1 Nxa2 37. Bd4 Bxd4+ 38. Nxd4 Nc3 39. Qd2 Qxd4+ 0-1


[Site "https://www.chess.com"]

[Event "Titled Tuesday Blitz May 23 Late 2023"]
[White "Burke, Paul"]
[Black "Martinez, Ayelen"]
[WhiteFideId "2605767"]
[BlackFideId "118702"]
[WhiteElo "1908"]
[BlackElo "2125"]
[Result "0-1"]
[Round "11"]
[TimeControl "180+2"]
[Date "2023.05.23"]
[WhiteClock "0:01:07"]
[BlackClock "0:01:10"]

1. e4 c5 2. d4 cxd4 3. c3 dxc3 4. Nxc3 Nc6 5. Nf3 e6 6. Bf4 Nge7 7. Bd3 Ng6 8. Bg3 Bb4 9. Qe2 O-O 10. Rd1 Qa5 11. h4 Bxc3+ 12. bxc3 Qxc3+ 13. Kf1 Nce5 14. Nxe5 Nxe5 15. Bxe5 Qxe5 16. Rh3 b6 17. Rg3 Bb7 18. Qg4 f5 19. exf5 exf5 20. Qg5 Rae8 21. Bc4+ Kh8 22. Rxd7 Qe1# 0-1


[Site "https://www.chess.com"]

[Event "Titled Tuesday Blitz May 23 Late 2023"]
[White "Quirke, Jeffrey"]
[Black "Romero Ruscalleda, Josep"]
[WhiteFideId "2013029"]
[BlackFideId "2231859"]
[WhiteElo "2210"]
[BlackElo "2183"]
[Result "1-0"]
[Round "11"]
[TimeControl "180+2"]
[Date "2023.05.23"]
[WhiteClock "0:00:08"]
[BlackClock "0:00:00"]

1. e4 g6 2. d4 Bg7 3. c3 d6 4. Nf3 Nf6 5. Bd3 O-O 6. O-O b6 7. Re1 Bb7 8. a4 Nbd7 9. a5 e5 10. dxe5 Nxe5 11. Nxe5 dxe5 12. Qc2 a6 13. axb6 cxb6 14. Nd2 b5 15. Nb3 Rc8 16. Na5 Ba8 17. Be3 Ng4 18. Bc1 Qh4 19. h3 Nf6 20. Nb3 Bb7 21. Nd2 Rfd8 22. Nf3 Qh5 23. Bf1 Bh6 24. Bxh6 Qxh6 25. Nxe5 Re8 26. Ng4 Nxg4 27. hxg4 Qf4 28. f3 Rcd8 29. Rad1 Kg7 30. Qf2 Qc7 31. Rd4 Bc6 32. Red1 Rb8 33. Rd6 Bb7 34. Qd4+ Kg8 35. g5 Qe7 36. Qe3 Qe5 37. Rd7 Bc6 38. R7d6 Re7 39. Rxc6 Rbe8 40. Rcd6 f6 41. gxf6 Re6 42. Rxe6 Qxe6 43. f7+ Kxf7 44. Qd4 Kg8 45. Qd5 Qxd5 46. Rxd5 Ra8 47. c4 bxc4 48. Bxc4 Kg7 49. b3 Kf6 50. Rd6+ Ke5 51. Rxa6 Rb8 52. Ra7 h5 53. Rg7 Kf6 54. Rf7+ Kg5 55. e5 Rd8 56. e6 Re8 57. e7 Kh6 58. Bb5 Rc8 59. e8=Q 1-0


[Site "https://www.chess.com"]

[Event "Titled Tuesday Blitz May 23 Late 2023"]
[White "Harish, Neeraj"]
[Black "Rodriguez Santiago, Jaime"]
[WhiteFideId "30958130"]
[BlackFideId "3100898"]
[WhiteElo "1879"]
[BlackElo "2025"]
[Result "1-0"]
[Round "11"]
[TimeControl "180+2"]
[Date "2023.05.23"]
[WhiteClock "0:00:14"]
[BlackClock "0:00:26"]

1. e4 c6 2. d4 d5 3. e5 Bf5 4. h4 h5 5. Bd3 Bxd3 6. Qxd3 Qa5+ 7. Nd2 e6 8. Nf3 Qa6 9. c4 c5 10. O-O Nc6 11. b3 Nh6 12. Qb1 dxc4 13. Nxc4 cxd4 14. Bb2 Nf5 15. Rd1 Rd8 16. Qe4 Be7 17. g3 b5 18. Ncd2 O-O 19. Rac1 Rc8 20. Nxd4 Ncxd4 21. Bxd4 Rxc1 22. Rxc1 Qxa2 23. Rc2 Qa5 24. Nf3 Rd8 25. Bc5 Bxc5 26. Rxc5 Qa1+ 27. Kg2 a6 28. Rc7 Qa3 29. Qb7 Nh6 30. Ng5 Rf8 31. Nxe6 Re8 32. Ng5 Qxb3 33. e6 Rxe6 34. Rc8+ 1-0


[Site "https://www.chess.com"]

[Event "Titled Tuesday Blitz May 23 Late 2023"]
[White "Von Buelow, Georg"]
[Black "Luxama, Jacques Muller"]
[WhiteFideId "4620658"]
[BlackFideId "11900113"]
[WhiteElo "2171"]
[BlackElo "1931"]
[Result "1-0"]
[Round "11"]
[TimeControl "180+2"]
[Date "2023.05.23"]
[WhiteClock "0:00:09"]
[BlackClock "0:00:00"]

1. e4 c5 2. Nf3 d6 3. d4 cxd4 4. Nxd4 Nf6 5. Nc3 Nc6 6. Bg5 e6 7. Qd2 Bd7 8. O-O-O a6 9. f4 Be7 10. Nf3 Qc7 11. Bxf6 gxf6 12. Kb1 O-O-O 13. Bd3 Kb8 14. Ne2 Rc8 15. f5 Ne5 16. Nxe5 fxe5 17. Ng3 d5 18. Rhf1 h5 19. fxe6 fxe6 20. Rf7 Bd6 21. exd5 exd5 22. Bf5 Rcd8 23. Qxd5 Bc6 24. Rxc7 Bxd5 25. Rd7 Rxd7 26. Bxd7 Bxg2 27. Rxd6 Kc7 28. Rd2 h4 29. Nf5 Bh3 30. Rd3 Bg4 31. Be6 Re8 32. Rc3+ Kb6 33. h3 Be2 34. Bd5 Rf8 35. Ne3 Rf2 36. b4 Bb5 37. Kb2 Rh2 38. Be6 Ka7 39. Nd5 e4 40. Re3 Bd3 41. Kb3 Bxc2+ 42. Ka3 Bd3 43. Nc3 b5 44. Nxe4 Bc4 45. Bxc4 bxc4 46. Nd6 Rc2 47. Ne4 Kb6 48. Rc3 Re2 49. Nd6 Rh2 50. Nxc4+ Kb5 51. Kb3 Rg2 52. a4+ Kc6 53. Ne5+ Kd5 54. Nd3 Kd4 55. Nc5 Rg3 56. Ne6+ Ke5 57. Nd8 Kd4 58. Nc6+ Kd5 59. b5 axb5 60. axb5 Rxc3+ 61. Kxc3 Kc5 62. Nd4 Kd5 63. Kd3 Kc5 64. Kc3 Kd5 65. Kb4 Ke4 66. b6 Kxd4 67. b7 Ke4 68. b8=Q Kf3 69. Qg8 Kf4 70. Qg4+ Ke3 71. Qxh4 1-0


[Site "https://www.chess.com"]

[Event "Titled Tuesday Blitz May 23 Late 2023"]
[White "Vargas, Mauricio"]
[Black "Magallanes, Rey Jomar"]
[WhiteFideId "4404572"]
[BlackFideId "5205948"]
[WhiteElo "1986"]
[BlackElo "2230"]
[Result "0-1"]
[Round "11"]
[TimeControl "180+2"]
[Date "2023.05.23"]
[WhiteClock "0:00:00"]
[BlackClock "0:02:28"]

1. e4 c5 2. Nc3 d6 3. f4 g6 4. Nf3 Bg7 5. Bb5+ Bd7 6. Bxd7+ Qxd7 7. d3 Nc6 8. O-O Nf6 9. e5 dxe5 10. fxe5 Nd5 11. Ne4 b6 12. c3 Nxe5 13. Nxe5 Bxe5 14. Qe1 Bg7 15. Bg5 O-O 16. Rd1 f5 17. Ng3 e5 18. Kh1 Rae8 19. Qf2 Qc6 20. Qf3 e4 21. dxe4 fxe4 22. Qe2 Nf6 0-1


[Site "https://www.chess.com"]

[Event "Titled Tuesday Blitz May 23 Late 2023"]
[White "Antonova, Nadezhda"]
[Black "Stead, Kerry"]
[WhiteFideId "14700182"]
[BlackFideId "3202577"]
[WhiteElo "1799"]
[BlackElo "1997"]
[Result "0-1"]
[Round "11"]
[TimeControl "180+2"]
[Date "2023.05.23"]
[WhiteClock "0:00:12"]
[BlackClock "0:00:24"]

1. d4 c5 2. d5 f5 3. g3 d6 4. Bg2 g6 5. Nf3 Bg7 6. O-O Nd7 7. a4 Ngf6 8. Nbd2 Nb6 9. c4 a5 10. Qc2 Nbd7 11. Nb1 Ne5 12. Nxe5 dxe5 13. Nc3 O-O 14. Nb5 Ne8 15. b3 Nd6 16. Bb2 b6 17. Nc3 e4 18. e3 Bd7 19. Ne2 Nf7 20. f4 e5 21. fxe5 Nxe5 22. Rab1 Qe7 23. Bc3 Rae8 24. Rfd1 Ng4 25. Bxg7 Kxg7 26. h3 Ne5 27. Qc3 Qf6 28. Nf4 Nf3+ 29. Bxf3 Qxc3 30. Bg2 Qxe3+ 31. Kh2 Qc3 32. d6 Qe5 33. Rd5 Qc3 34. Rdd1 Re5 35. Nd5 Rxd5 36. Rxd5 e3 37. Rdd1 e2 38. Re1 Re8 39. Bd5 Qe3 40. Kg2 f4 41. gxf4 Qxf4 42. Rb2 Qg5+ 43. Kh2 Qe5+ 44. Kg2 Qxb2 45. Kf2 Bf5 46. d7 Bxd7 47. Bf3 Bf5 48. Bxe2 Bd3 0-1


[Site "https://www.chess.com"]

[Event "Titled Tuesday Blitz May 23 Late 2023"]
[White "Prado, Alexandra"]
[Black "Torres Hernandez, Leslie Carolin"]
[WhiteFideId "3301346"]
[BlackFideId "8400504"]
[WhiteElo "1759"]
[BlackElo "1920"]
[Result "0-1"]
[Round "11"]
[TimeControl "180+2"]
[Date "2023.05.23"]
[WhiteClock "0:00:00"]
[BlackClock "0:00:13"]

1. e4 e6 2. Nf3 d5 3. e5 c5 4. b4 cxb4 5. d4 Nc6 6. a3 bxa3 7. Bxa3 Bxa3 8. Rxa3 Nge7 9. c3 O-O 10. Bd3 Ng6 11. O-O f6 12. Bxg6 hxg6 13. Nh4 fxe5 14. Nxg6 Rf6 15. Nxe5 Nxe5 16. dxe5 Rf5 17. f4 Qb6+ 18. Kh1 Bd7 19. Rb3 Qc6 20. Qd4 Raf8 21. Nd2 b6 22. g3 Qc5 23. Qxc5 bxc5 24. Rb7 Bc6 25. Rc7 Ba8 26. Rxc5 d4+ 27. Kg1 d3 28. Ra1 g5 29. Rxa7 gxf4 30. Rcc7 Rg5 31. Nf3 Bxf3 32. Kf2 fxg3+ 33. hxg3 Bd5+ 34. Ke3 Rf3+ 35. Kd2 Be4 36. Rc8+ Rf8 37. Rcc7 Rxg3 38. c4 Rf2+ 39. Kc3 d2+ 40. Kb4 d1=Q 0-1


[Site "https://www.chess.com"]